 Dungeon Crawl Stone Soup version 0.24-a0-459-g225fefd530 (webtiles) character file.

Game seed: 14925244385589245428

3768 Azzok the Cleaver (level 9, -2/68 HPs)
             Began as a Vampire Fighter on June 30, 2019.
             Was a Priest of Okawaru.
             Slain by an orc warrior
             ... wielding a +0 dire flail
              (20 damage)
             ... on level 7 of the Dungeon.
             The game lasted 00:13:40 (7497 turns).

Azzok the Cleaver (Vampire Fighter)                 Turns: 7497, Time: 00:13:41

Health: -2/68      AC:  9    Str: 18    XL:     9   Next: 94%
Magic:  12/12      EV:  7    Int: 10    God:    Okawaru [***...]
Gold:   495        SH:  5    Dex: 14    Spells: 8/8 levels left

rFire    . . .     SeeInvis +   u - +0 short sword (venom)
rCold    . . .     Gourm    .   x - +0 buckler
rNeg     . . .     Faith    .   r - +0 chain mail
rPois    +         Spirit   .   (no helmet)
rElec    .         Reflect  .   (no cloak)
rCorr    .         Harm     .   s - +0 pair of gloves
MR       .....                  (no boots)
Stlth    ..........             (no amulet)
HPRegen  0.41/turn              b - ring of poison resistance
MPRegen  0.13/turn              (no ring)

@: regenerating quickly
A: no food, fangs 3, see invisible, unbreathing
a: Exsanguinate, Heroism, Renounce Religion


You were on level 7 of the Dungeon.
You worshipped Okawaru.
Okawaru was most pleased with you.
You were alive.

You visited 2 branches of the dungeon, and saw 9 of its levels.
You also visited: Sewer.

You collected 495 gold pieces.

Inventory:

Hand Weapons
 a - a +0 war axe
 u - a +0 short sword of venom (weapon)
Armour
 c - a +0 shield
 r - a +0 chain mail (worn)
 s - a +0 pair of gloves (worn)
 x - a +0 buckler (worn)
Jewellery
 b - a ring of poison resistance (left hand)
 z - a +4 ring of dexterity {unknown}
Wands
 t - a wand of flame (18)
 v - a wand of paralysis (12)
 w - a wand of polymorph (6)
 y - a wand of digging (5)
Scrolls
 e - 2 scrolls of blinking {unknown}
 h - 4 scrolls of amnesia {unknown}
 i - 8 scrolls of identify {unknown}
 l - 3 scrolls of teleportation {unknown}
 n - 2 scrolls of magic mapping {unknown}
 o - a scroll of fear {unknown}
 q - 4 scrolls of noise {unknown}
 A - 2 scrolls of remove curse {unknown}
 B - a scroll of immolation {unknown}
 C - a scroll of fog {unknown}
Potions
 d - a potion of might
 f - 2 potions of mutation {unknown}
 g - a potion of ambrosia {unknown}
 j - 2 potions of haste {unknown}
 k - 3 potions of agility {unknown}
 m - 2 potions of curing
 p - 5 potions of flight


   Skills:
 - Level 5.0 Fighting
 + Level 9.9 Axes
 - Level 2.4 Armour
 - Level 4.0 Shields
 + Level 4.8 Invocations
 + Level 4.8 Evocations


You had 8 spell levels left.
You didn't know any spells.
Your spell library contained the following spells:

 Spells                   Type           Power        Failure   Level  Hunger
 Animate Skeleton         Necr           N/A          99%         1    N/A
 Apportation              Tloc           #.....       99%         1    N/A
 Confusing Touch          Hex            #.....       99%         1    N/A
 Infusion                 Chrm           #...         99%         1    N/A
 Magic Dart               Conj           #...         99%         1    N/A
 Summon Small Mammal      Summ           #...         99%         1    N/A
 Blink                    Tloc           N/A          100%        2    N/A
 Call Imp                 Summ           #.......     100%        2    N/A
 Shroud of Golubria       Chrm/Tloc      #.....       100%        2    N/A
 Slow                     Hex            #.......     100%        2    N/A
 Song of Slaying          Chrm           #.......     100%        2    N/A
 Conjure Flame            Conj/Fire      #.......     100%        3    N/A
 Mephitic Cloud           Conj/Pois/Air  #.......     100%        3    N/A
 Regeneration             Chrm/Necr      #.........   100%        3    N/A
 Spectral Weapon          Hex/Chrm       #.......     100%        3    N/A

Dungeon Overview and Level Annotations

Branches:
Dungeon (8/15)             Temple (1/1) D:5
   Lair: D:8-11

Altars:
Cheibriados
Dithmenos
Elyvilon
Fedhas
Hepliaklqana
Kikubaaqudgha
Makhleb
Nemelex Xobeh
Okawaru
Ru
Sif Muna
Trog
Vehumet
Wu Jian
Xom
Yredelemnul
Zin


Innate Abilities, Weirdness & Mutations

You do not eat.
Your natural rate of healing is unusually fast.
You have razor-sharp teeth.
You have supernaturally acute eyesight. (SInv)
You can survive without breathing.


Message History

a +0 dagger; 2 stones; a poisoned dart; a big kobold skeleton You see here a +0 whip.
Things that are here:
a stone; a +0 flail; a poisoned dart
There is a stone staircase leading up, spattered with blood here.
You see here a poisoned dart.
You kill the big kobold!
Okawaru accepts your kill.
The orc warrior hits you but does no damage.
You climb upwards.
There is a stone staircase leading down, spattered with blood here.
The orc warrior hits you with a +0 dire flail!
* * * LOW HITPOINT WARNING * * *
The orc warrior hits you with a +0 dire flail.
* * * LOW HITPOINT WARNING * * *
You hit the orc warrior but do no damage.
The orc warrior looks even sicker.
The orc warrior is heavily wounded.
The orc warrior hits you with a +0 dire flail!!
You die...

▒▒▒▒▒▒▒▒▒ ▒·······▒ ▒·▒▒▒▒▒·▒
▒·······▒ ▒··▒▒▒▒▒▒▒▒▒▒
▒··▒▒▒▒·····▒ ▒▒▒▒▒▒·@o····▒▒▒·▒
▒·······▒▒[>[····▒
▒▒·▒··············▒▒▒▒▒▒▒
▒▒▒▒▒▒▒▒▒··▒·▒▒▒▒▒··············†
···········▒·····▒·········▒▒▒▒·▒
·▒▒▒▒▒▒▒·(▒▒▒▒▒▒·▒·▒···▒·▒·▒▒▒▒··
···············▒·▒·▒▒▒···▒····▒▒▒
·▒▒▒▒▒▒▒▒▒▒▒▒▒·▒·▒·····▒··▒▒▒·▒
··········▒······▒▒▒▒▒·▒··▒·▒·▒


You could see an orc warrior.

Vanquished Creatures
  Prince Ribbit (D:7)
  Eustachio (D:4)
  Menkaure (D:4)
  Duvessa (D:4)
  A sky beast (D:6)
  A black bear (D:8)
  3 ogres
  A phantom (D:7)
  7 centaurs
  A crocodile (Sewer)
  2 big kobolds (D:8)
  2 bullfrogs
  Dowan (D:4)
  2 scorpions (D:4)
  A water moccasin skeleton (D:8)
  9 killer bees
  3 wights (D:8)
  A howler monkey (D:5)
  4 crimson imps
  A bullfrog skeleton (D:5)
  2 hounds
  4 orc priests
  A gnoll shaman (D:5)
  13 orc wizards
  An iguana (D:5)
  A worker ant (D:8)
  A hound zombie (D:8)
  7 gnolls
  A howler monkey skeleton (D:6)
  5 adders
  2 oozes
  An adder skeleton (D:5)
  2 worms
  3 dart slugs
  3 leopard geckos
  27 orcs
  2 ball pythons
  A giant cockroach (D:5)
  5 goblins
  5 hobgoblins
  9 jackals
  8 quokkas
  11 bats
  5 frilled lizards
  A jackal skeleton (D:7)
  10 kobolds
  A quokka skeleton (D:4)
  8 rats
184 creatures vanquished.

Vanquished Creatures (others)
  A kobold (D:8)
1 creature vanquished.

Grand Total: 185 creatures vanquished

Notes
Turn   | Place    | Note
-------+----------+-------------------------------------------
     0 | D:1      | Azzok the Vampire Fighter began the quest for the Orb.
     0 | D:1      | Reached XP level 1. HP: 17/17 MP: 1/1
    14 | D:1      | Reached skill level 2 in Axes
   100 | D:1      | Reached XP level 2. HP: 23/23 MP: 2/2
   911 | D:2      | Reached XP level 3. HP: 23/29 MP: 3/3
   914 | D:2      | Reached skill level 3 in Axes
   986 | D:2      | Found a shimmering altar of Xom.
  1093 | D:2      | Reached XP level 4. HP: 31/35 MP: 4/4
  1153 | D:2      | Noticed an ogre
  1160 | D:2      | HP: 1/35 [ogre/+0 giant spiked club (28)]
  1161 | D:2      | Killed an ogre
  1161 | D:2      | Reached skill level 4 in Axes
  1161 | D:2      | Reached XP level 5. HP: 1/42 MP: 5/5
  1680 | D:2      | Found a sacrificial altar of Ru.
  2070 | D:3      | Found a snail-covered altar of Cheibriados.
  2508 | D:4      | Noticed Duvessa
  2613 | D:4      | Noticed Menkaure
  2624 | D:4      | Killed Menkaure
  2624 | D:4      | Reached XP level 6. HP: 48/48 MP: 6/6
  2629 | D:4      | Reached skill level 5 in Axes
  2695 | D:4      | Found a glowing drain.
  2753 | Sewer    | Entered a sewer
  2802 | Sewer    | Reached XP level 7. HP: 20/55 MP: 7/7
  2987 | D:4      | Noticed Dowan
  2995 | D:4      | Killed Duvessa
  2995 | D:4      | Reached skill level 6 in Axes
  2999 | D:4      | Killed Dowan
  2999 | D:4      | Reached skill level 5 in Fighting
  3126 | D:4      | Noticed Eustachio
  3154 | D:4      | Killed Eustachio
  3154 | D:4      | Reached skill level 7 in Axes
  3420 | D:4      | Reached XP level 8. HP: 57/62 MP: 8/8
  3511 | D:5      | Entered Level 5 of the Dungeon
  3788 | D:5      | Reached skill level 8 in Axes
  3881 | D:5      | Found a staircase to the Ecumenical Temple.
  3892 | Temple   | Entered the Ecumenical Temple
  3996 | Temple   | Became a worshipper of Warmaster Okawaru
  4153 | D:5      | Reached skill level 1 in Invocations
  4153 | D:5      | Reached skill level 1 in Evocations
  4865 | D:6      | Reached * piety under Okawaru
  5637 | D:7      | Reached skill level 9 in Axes
  5702 | D:7      | Found a shadowy altar of Dithmenos.
  5776 | D:7      | Noticed Prince Ribbit
  5799 | D:7      | Killed Prince Ribbit
  5799 | D:7      | Reached XP level 9. HP: 52/68 MP: 9/11
  5911 | D:7      | Found a blossoming altar of Fedhas.
  6024 | D:7      | Reached ** piety under Okawaru
  7423 | D:8      | Reached *** piety under Okawaru
  7497 | D:7      | Slain by an orc warrior

Levels and vault maps discovered:
D:1:      dpeg_arrival_ratfight, layout_loops_corners,
          hangedman_abyss_or_decor_lesser_grid
D:2:      layout_loops_corners, nicolae_overflow_crystal_walls, xom_teletrap_fun
D:3:      layout_loops_ring, kennysheep_slug_shrine, minmay_misc_feat_tower
D:4:      layout_basic, cheibrodos_sewer_entry_sluice, uniq_duvessa,
          uniq_menkaure, uniq_eustachio
D:5:      layout_cave_pods, minmay_temple_entry_butterflies, first_ration,
          minmay_pentangle
D:6:      layout_basic
D:7:      layout_basic, grunt_temple_overflow_open, uniq_prince_ribbit1
D:8:      layout_rooms, david_lair_generic, centaur_isle
Temple:   regret_index_temple_mists

Skill      XL: |  1  2  3  4  5  6  7  8  9 |
---------------+----------------------------+-----
Axes           | 2 3 4 5 7 9 |  9.9
Fighting       | 3 4 5 |  5.0
Invocations    | 2 4 |  4.8
Evocations     | 2 4 |  4.8
Shields        | 3 4 |  4.0
Armour         | |  2.4

Action                   |  1- 3 |  4- 6 |  7- 9 || total
-------------------------+-------+-------+-------++-------
Melee: War axe           |    77 |   155 |    90 ||   322
       Bite              |     9 |    24 |    65 ||    98
       Short sword       |       |       |   449 ||   449
Invok: Heroism           |       |       |     1 ||     1
Evoke: Wand              |       |       |    31 ||    31
  Use: Potion            |       |       |     5 ||     5
Armor: Scale mail        |    29 |    44 |       ||    73
       Chain mail        |       |    53 |   327 ||   380
Dodge: Dodged            |    15 |    31 |   160 ||   206
Block: Shield            |    40 |    66 |   123 ||   229
       Buckler           |       |       |    96 ||    96

Table legend:
 A = Non-vault XP
 B = Vault XP
 C = Vault XP percentage of total XP
 D = Non-vault monster count
 E = Vault monster count
 F = Vault count percentage of total count
                 A         B        C        D         E       F
            +---------+---------+-------+---------+---------+-------
      Total |    3612 |    1771 |  32.9 |     152 |      32 |  17.4
            +---------+---------+-------+---------+---------+-------
        D:1 |      26 |       5 |  16.1 |      12 |       5 |  29.4
        D:2 |     210 |       0 |   0.0 |      25 |       0 |   0.0
        D:3 |      18 |       4 |  18.2 |       8 |       1 |  11.1
        D:4 |     521 |     583 |  52.8 |      24 |       8 |  25.0
        D:5 |     432 |     230 |  34.7 |      26 |       6 |  18.8
        D:6 |     426 |       0 |   0.0 |      11 |       0 |   0.0
        D:7 |     853 |     274 |  24.3 |      19 |       1 |   5.0
        D:8 |    1126 |     560 |  33.2 |      27 |       5 |  15.6
      Sewer |       0 |     115 | 100.0 |       0 |       6 | 100.0
            +---------+---------+-------+---------+---------+-------
